 Dungeon Crawl Stone Soup version 0.32-a0-699-g1ee5eff69a (webtiles) character file.

Game seed: 8637569859750420053

54 retardedninja the Trooper (level 3, -2/29 HPs)
             Began as a Coglin Fighter on Mar 13, 2024.
             Slain by Terence
             ... wielding a +0 flail
              (3 damage)
             ... on level 2 of the Dungeon.
             The game lasted 00:03:25 (1197 turns).

retardedninja the Trooper (Coglin Fighter)          Turns: 1197, Time: 00:03:25

Health: -2/29      AC:  7    Str: 18    XL:     3   Next: 91%
Magic:  3/3        EV:  8    Int:  7    God:
Gold:   22         SH:  4    Dex: 13    Spells: 2/2 levels left

rFire   . . .        a - +0 war axe {Ichio}
rCold   . . .        c - +0 buckler
rNeg    . . .        b - +0 scale mail
rPois   .            (no helmet)
rElec   .            (no cloak)
rCorr   .            g - +0 pair of gloves
SInv    .            (no boots)
Will    .....        (amulet unavailable) Stlth
                     (ring unavailable)
HPRegen 0.24/turn    (ring unavailable)
MPRegen 0.08/turn    (no gizmo)

%: no passive effects
@: revved
A: off-hand wielding, slow wielding, warmup strikes, no jewellery
a: Invent Gizmo


You were on level 2 of the Dungeon.
You visited 1 branch of the dungeon, and saw 2 of its levels.

You collected 22 gold pieces.

Inventory:

Hand Weapons
 a - a +0 war axe (weapon) {Ichio}
Armour
 b - a +0 scale mail (worn)
 c - a +0 buckler (worn)
 g - a +0 pair of gloves (worn)
 h - a +0 pair of gloves
Scrolls
 f - 2 scrolls of teleportation {unknown}
 i - 2 scrolls of identify {unknown}
 j - a scroll of vulnerability {unknown}
 l - a scroll of brand weapon {unknown}
Potions
 d - a potion of might
 k - a potion of degeneration {unknown}


   Skills:
 * Level 3.6 Fighting
 * Level 2.8 Axes
 + Level 3.0 Armour
 + Level 0.8 Dodging
 - Level 2.2 Shields


You had 2 spell levels left.
You didn't know any spells.
Your spell library was empty.

Dungeon Overview and Level Annotations

Branches:
Dungeon (2/15)

Altars:

Annotations:
D:2 Terence


Innate Abilities, Weirdness & Mutations

You can wield a second weapon in your off-hand.
It takes a long time for you to wield or remove held weapons.
Your first few attacks do less damage.
You cannot equip rings or amulets.


Message History

The giant cockroach is heavily wounded.
The giant cockroach barely misses you. The giant cockroach closely misses you.
You barely miss the giant cockroach.
The giant cockroach is heavily wounded.
The giant cockroach waves its antennae.
The giant cockroach bites you.
The giant cockroach bites you but does no damage.
You hit the giant cockroach.
You kill the giant cockroach!
Terence the Incautious comes into view.
He is wielding a +0 flail.
Terence is nearby!
Terence is nearby!
Terence is nearby!
Terence hits you with a +0 flail.
You closely miss Terence. Terence hits you with a +0 flail.
Terence closely misses you.
You slash Terence!
Terence is severely wounded.
Terence hits you with a +0 flail!
You barely miss Terence.
Terence is severely wounded.
Terence hits you with a +0 flail.
You closely miss Terence.
Terence is severely wounded.
Terence hits you with a +0 flail!
* * * LOW HITPOINT WARNING * * *
Terence hits you with a +0 flail.
* * * LOW HITPOINT WARNING * * *
You closely miss Terence.
Terence is severely wounded.
Terence barely misses you.
You hit Terence.
Terence is almost dead.
Terence barely misses you. Terence hits you with a +0 flail.
* * * LOW HITPOINT WARNING * * *
You hit Terence.
Terence is almost dead.
Terence hits you with a +0 flail.
You die...
Terence says, "Rest in peace."

#.#.#####....##.# .#
#.#.# #.#.. ...
#.#.##### #..##.#.
#.#.....#.#. #...#
#........... ### #
######.#...#.##
.........#.#.#
######.#.#.#.###########
#...†..#.#.#.#..@@......
#.###....#.#.#.#########
#.# #....#.#.#.##### #.#
#....#.........#
#.###......#.#..##....
....#.............. ##
#.......#.##.#..##.#
###.##..#.##.#..# #
#...[...........


You could see Terence.

Vanquished Creatures
  An adder (D:2)
  A ribbon worm (D:2)
  An orc (D:2)
  5 ball pythons
  A bat (D:1)
  3 giant cockroaches
  4 hobgoblins
  2 jackals (D:1)
  5 quokkas (D:1)
  A frilled lizard (D:2)
  7 goblins (D:1)
  3 kobolds
  2 rats (D:1)
36 creatures vanquished.

Notes
Turn   | Place    | Note
-------+----------+-------------------------------------------
     0 | D:1      | retardedninja the Coglin Fighter began the quest for the
                  | Orb.
     0 | D:1      | Reached XP level 1. HP: 18/18 MP: 1/1
   127 | D:1      | Reached XP level 2. HP: 24/24 MP: 2/2
   221 | D:1      | Found a faded altar of an unknown god.
   402 | D:1      | Reached XP level 3. HP: 29/29 MP: 3/3
  1187 | D:2      | Noticed Terence
  1196 | D:2      | HP: 1/29 [Terence/+0 flail (2)]
  1197 | D:2      | Slain by Terence

Illustrated notes

Levels and vault maps discovered:
D:1:      evilmike_arrival_fibonacci_small, layout_basic,
          hellmonk_ecumenical_altar_arch_garden
D:2:      layout_basic, uniq_terence

Skill      XL: |  1  2  3 |
---------------+----------+-----
Armour         | 3 |  3.0
Fighting       | |  3.6
Axes           | |  2.8
Dodging        | |  0.8
Shields        | |  2.2

Action                     || total
---------------------------++-------
  Melee: War axe           ||   133
    Use: Potion            ||     1
 Armour: Scale mail        ||   140
  Dodge: Dodged            ||    71
  Block: Buckler           ||    39

Table legend: (Time is in decaauts)
 A = Elapsed time spent in this place.
 B = Non-inter-level travel time spent in this place.
 C = Inter-level travel time spent in this place.
 D = Time resting spent in this place.
 E = Time spent auto-exploring this place.
 F = Levels seen in this place.
 G = Mean time per level.
                   A        B        C        D        E       F      G
               +--------+--------+--------+--------+--------+-----+--------+
         Total |   1251 |   1242 |      9 |      0 |    881 |   2 |  625.5 |
       Dungeon |   1251 |   1242 |      9 |      0 |    881 |   2 |  625.5 |
               +--------+--------+--------+--------+--------+-----+--------+

Top non-repeatable levels by time:
     D:1: 929 daAuts
     D:2: 321 daAuts
